TOP OF THE 1ST |
Norfolk Tides batting - Pitching for Nashville Sounds : RHP Carlos Alaniz
|
Pitching: RHP Carlos Alaniz
|
|
Batting: RHB Bobby Scholl
|
0-0: Ball 1-0: Ground out 6-3 (Groundball, 6S, EV 85.6 MPH)
|
Batting: LHB Jose Chinchilla
|
0-0: Called Strike 0-1: Foul Ball, location: 2F 0-2: Foul Ball, location: 2F 0-2: Ball 1-2: Ball 2-2: Ball 3-2: Foul Ball, location: 2F 3-2: Foul Ball, location: 2F 3-2: Foul Ball, location: 2F 3-2: Strikes out looking
|
Batting: RHB Kory Sanchez
|
0-0: Swinging Strike 0-1: Ball 1-1: Ball 2-1: Fly out, F8 (Flyball, 78M, EV 88.1 MPH)
|
Top of the 1st over - 0 runs, 0 hits, 0 errors, 0 left on base; Norfolk 0 - Nashville 0 |
BOTTOM OF THE 1ST |
Nashville Sounds batting - Pitching for Norfolk Tides : RHP Aaron Schneider
|
Pitching: RHP Aaron Schneider
|
|
Batting: RHB Jeff Garofalo
|
0-0: Ball 1-0: Called Strike 1-1: Foul Ball, location: 2F 1-2: Foul Ball, location: 2F 1-2: Foul Ball, location: 2F 1-2: Fly out, F4 (Popup, 4MD, EV 63.1 MPH)
|
Batting: SHB Robert Santiago
|
0-0: Ball 1-0: Ball 2-0: Swinging Strike 2-1: Ball 3-1: Called Strike 3-2: Strikes out swinging
|
Batting: RHB Tim Cordle
|
0-0: Called Strike 0-1: Ball 1-1: Foul Ball, location: 2F 1-2: Ball 2-2: Strikes out swinging
|
Bottom of the 1st over - 0 runs, 0 hits, 0 errors, 0 left on base; Norfolk 0 - Nashville 0 |
TOP OF THE 2ND |
Norfolk Tides batting - Pitching for Nashville Sounds : RHP Carlos Alaniz
|
Batting: RHB Muneer Maudad
|
0-0: Ball 1-0: Ball 2-0: Ball 3-0: Base on Balls
|
Batting: SHB Brian Bentz
|
0-0: Called Strike 0-1: Swinging Strike 0-2: Grounds into double play, 4-6-3 (Groundball, 34D, EV 96.9 MPH)
|
Batting: SHB Ben Pierce
|
0-0: Ball 1-0: Called Strike 1-1: Swinging Strike 1-2: Foul Ball, location: 2F 1-2: Ball 2-2: Foul Ball, location: 2F 2-2: Foul Ball, location: 2F 2-2: Ball 3-2: Ground out U3 (Groundball, 34, EV 91.2 MPH)
|
Top of the 2nd over - 0 runs, 0 hits, 0 errors, 0 left on base; Norfolk 0 - Nashville 0 |
BOTTOM OF THE 2ND |
Nashville Sounds batting - Pitching for Norfolk Tides : RHP Aaron Schneider
|
Batting: RHB David Herrera
|
0-0: Called Strike 0-1: Called Strike 0-2: Ball 1-2: Ball 2-2: SINGLE (Line Drive, 78S, EV 105.6 MPH)
|
Batting: LHB Tomas Segarra
|
0-0: Ball David Herrera steals 2nd base 1-0: Ground out 4-3 (Groundball, 4D, EV 80.6 MPH) David Herrera to third
|
Batting: RHB Wade Diamond
|
0-0: Called Strike 0-1: SINGLE (Groundball, 56S, EV 76.2 MPH) (infield hit) David Herrera scores
|
Batting: RHB Robby Godwin
|
0-0: Ball 1-0: Ball Wade Diamond is caught stealing 2nd base 2-4 2-0: Ball 3-0: Called Strike 3-1: Foul Ball, location: 2F 3-2: Foul Ball, location: 2F 3-2: Ground out 4-3 (Groundball, 4, EV 110.0 MPH)
|
Bottom of the 2nd over - 1 run, 2 hits, 0 errors, 0 left on base; Norfolk 0 - Nashville 1 |
TOP OF THE 3RD |
Norfolk Tides batting - Pitching for Nashville Sounds : RHP Carlos Alaniz
|
Batting: LHB Tyler Allen
|
0-0: Called Strike 0-1: Ground out 6-3 (Groundball, 56, EV 86.9 MPH)
|
Batting: RHB Ryan Taylor
|
0-0: Called Strike 0-1: Ground out 6-3 (Groundball, 6, EV 103.1 MPH)
|
Batting: RHB Andy Bridger
|
0-0: Ground out 4-3 (Groundball, 4M, EV 101.2 MPH)
|
Top of the 3rd over - 0 runs, 0 hits, 0 errors, 0 left on base; Norfolk 0 - Nashville 1 |
BOTTOM OF THE 3RD |
Nashville Sounds batting - Pitching for Norfolk Tides : RHP Aaron Schneider
|
Batting: SHB Ryan Chicoine
|
0-0: Ball 1-0: Swinging Strike 1-1: Foul Ball, location: 2F 1-2: Ball 2-2: Strikes out swinging
|
Batting: RHB Yonetoshi Muranaka
|
0-0: SINGLE (Groundball, 6MD, EV 101.9 MPH)
|
Batting: RHB Jeff Garofalo
|
0-0: Swinging Strike 0-1: Ball 1-1: Swinging Strike 1-2: Strikes out looking
|
Batting: SHB Robert Santiago
|
0-0: Called Strike 0-1: Ball 1-1: SINGLE (Groundball, 6S, EV 73.1 MPH) (infield hit) Yonetoshi Muranaka to second
|
Batting: RHB Tim Cordle
|
0-0: Ball 1-0: Fielders Choice at 2nd, 5-4 (Groundball, 56, EV 96.9 MPH)
|
Bottom of the 3rd over - 0 runs, 2 hits, 0 errors, 2 left on base; Norfolk 0 - Nashville 1 |
TOP OF THE 4TH |
Norfolk Tides batting - Pitching for Nashville Sounds : RHP Carlos Alaniz
|
Batting: RHB Bobby Scholl
|
0-0: Ball 1-0: Ball 2-0: Called Strike 2-1: Ball 3-1: Foul Ball, location: 2F 3-2: Base on Balls
|
Batting: LHB Jose Chinchilla
|
0-0: Swinging Strike 0-1: Ball 1-1: Ball 2-1: Foul Ball, location: 2F 2-2: Hit by Pitch Bobby Scholl to second
|
Batting: RHB Kory Sanchez
|
0-0: Ball 1-0: Ball 2-0: Ball 3-0: Called Strike 3-1: Foul Ball, location: 2F 3-2: Grounds into double play, 6-4-3 (Groundball, 6, EV 86.9 MPH) Bobby Scholl to third
|
Batting: RHB Muneer Maudad
|
0-0: Ball 1-0: Called Strike 1-1: Ball 2-1: Foul Ball, location: 2F 2-2: Ball 3-2: Fly out, F9 (Flyball, 9S, EV 93.8 MPH)
|
Top of the 4th over - 0 runs, 0 hits, 0 errors, 1 left on base; Norfolk 0 - Nashville 1 |
BOTTOM OF THE 4TH |
Nashville Sounds batting - Pitching for Norfolk Tides : RHP Aaron Schneider
|
Batting: RHB David Herrera
|
0-0: Called Strike 0-1: SINGLE (Line Drive, 34D, EV 110.6 MPH)
|
Batting: LHB Tomas Segarra
|
0-0: Ball 1-0: Ball David Herrera steals 2nd base 2-0: Called Strike 2-1: Ball 3-1: Foul Ball, location: 2F 3-2: Strikes out swinging
|
Batting: RHB Wade Diamond
|
0-0: DOUBLE (Line Drive, 8LXD, EV 108.1 MPH) David Herrera scores
|
Batting: RHB Robby Godwin
|
0-0: Ball 1-0: Ball 2-0: Swinging Strike 2-1: Fly out, F5 (Popup, 5SF, EV 69.4 MPH)
|
Batting: SHB Ryan Chicoine
|
0-0: Foul Ball, location: 2F 0-1: Called Strike 0-2: Foul Ball, location: 2F 0-2: Strikes out looking
|
Bottom of the 4th over - 1 run, 2 hits, 0 errors, 1 left on base; Norfolk 0 - Nashville 2 |
TOP OF THE 5TH |
Norfolk Tides batting - Pitching for Nashville Sounds : RHP Carlos Alaniz
|
Batting: SHB Brian Bentz
|
0-0: Swinging Strike 0-1: Called Strike 0-2: Ball 1-2: Foul Ball, location: 2F 1-2: Ball 2-2: Strikes out looking
|
Batting: SHB Ben Pierce
|
0-0: Foul Ball, location: 2F 0-1: Swinging Strike 0-2: Strikes out swinging, 2-3 out at first.
|
Batting: LHB Tyler Allen
|
0-0: Swinging Strike 0-1: Swinging Strike 0-2: Ball 1-2: Strikes out swinging
|
Top of the 5th over - 0 runs, 0 hits, 0 errors, 0 left on base; Norfolk 0 - Nashville 2 |
BOTTOM OF THE 5TH |
Nashville Sounds batting - Pitching for Norfolk Tides : RHP Aaron Schneider
|
Batting: RHB Yonetoshi Muranaka
|
0-0: Ball 1-0: Foul Ball, location: 2F 1-1: Foul Ball, location: 2F 1-2: Foul Ball, location: 2F 1-2: Foul Ball, location: 2F 1-2: Ball 2-2: Ball 3-2: Strikes out looking
|
Batting: RHB Jeff Garofalo
|
0-0: Ball 1-0: Foul Ball, location: 2F 1-1: Ball 2-1: Fly out, F7 (Flyball, 7, EV 86.2 MPH)
|
Batting: SHB Robert Santiago
|
0-0: Called Strike 0-1: Ball 1-1: Foul Ball, location: 2F 1-2: Fly out, F8 (Flyball, 8RS, EV 83.8 MPH)
|
Bottom of the 5th over - 0 runs, 0 hits, 0 errors, 0 left on base; Norfolk 0 - Nashville 2 |
TOP OF THE 6TH |
Norfolk Tides batting - Pitching for Nashville Sounds : RHP Carlos Alaniz
|
Batting: RHB Ryan Taylor
|
0-0: Ball 1-0: Ground out 5-3 (Groundball, 56, EV 100.6 MPH)
|
Batting: RHB Andy Bridger
|
0-0: Called Strike 0-1: Ground out 5-3 (Groundball, 56S, EV 90.6 MPH)
|
Batting: RHB Bobby Scholl
|
0-0: Called Strike 0-1: Foul Ball, location: 2F 0-2: Ball 1-2: Foul Ball, location: 2F 1-2: Strikes out swinging
|
Top of the 6th over - 0 runs, 0 hits, 0 errors, 0 left on base; Norfolk 0 - Nashville 2 |
BOTTOM OF THE 6TH |
Nashville Sounds batting - Pitching for Norfolk Tides : RHP Aaron Schneider
|
Batting: RHB Tim Cordle
|
0-0: Ground out 6-3 (Groundball, 6, EV 86.9 MPH)
|
Batting: RHB David Herrera
|
0-0: Ground out 6-3 (Groundball, 6, EV 86.9 MPH)
|
Batting: LHB Tomas Segarra
|
0-0: Ball 1-0: Ball 2-0: Ball 3-0: Called Strike 3-1: Called Strike 3-2: Base on Balls
|
Batting: RHB Wade Diamond
|
0-0: Ball 1-0: Called Strike Tomas Segarra is caught stealing 2nd base 2-4
|
Bottom of the 6th over - 0 runs, 0 hits, 0 errors, 0 left on base; Norfolk 0 - Nashville 2 |
TOP OF THE 7TH |
Norfolk Tides batting - Pitching for Nashville Sounds : RHP Carlos Alaniz
|
Batting: LHB Jose Chinchilla
|
0-0: Called Strike 0-1: Called Strike 0-2: Foul Ball, location: 2F 0-2: Fly out, F8 (Flyball, 8RS, EV 78.1 MPH)
|
Batting: RHB Kory Sanchez
|
0-0: Ball 1-0: Called Strike 1-1: Foul Ball, location: 2F 1-2: Ball 2-2: SINGLE (Groundball, 6MD, EV 108.1 MPH)
|
Batting: RHB Muneer Maudad
|
0-0: DOUBLE (Flyball, 8RXD, EV 110.6 MPH) Kory Sanchez to third
|
Batting: SHB Brian Bentz
|
0-0: Ball 1-0: Ball 2-0: Ball 3-0: Base on Balls
|
Batting: SHB Ben Pierce
|
0-0: Ball 1-0: Ball 2-0: Foul Ball, location: 2F 2-1: Ball 3-1: Base on Balls Kory Sanchez scores Muneer Maudad to third Brian Bentz to second
|
Pitching: RHP Jesus Moreno
|
|
Batting: LHB Tyler Allen
|
0-0: Ball 1-0: Ball 2-0: Called Strike 2-1: Swinging Strike 2-2: Ball 3-2: Strikes out swinging
|
Pinch Hitting: LHB Wes Goscinski
|
0-0: Ground out 4-3 (Groundball, 4, EV 76.9 MPH)
|
Top of the 7th over - 1 run, 2 hits, 0 errors, 3 left on base; Norfolk 1 - Nashville 2 |
BOTTOM OF THE 7TH |
Nashville Sounds batting - Pitching for Norfolk Tides : RHP Aaron Schneider
|
Pitching: RHP Ryan Hemmerich
|
|
Now in CF: Tyler Allen
|
|
Now in RF: James Betron
|
|
Batting: RHB Wade Diamond
|
0-0: Fly out, F8 (Line Drive, 8LD, EV 95.0 MPH)
|
Batting: RHB Robby Godwin
|
0-0: Ball 1-0: Ground out 1-3 (Groundball, 15S, EV 70.0 MPH)
|
Batting: SHB Ryan Chicoine
|
0-0: Ball 1-0: Ball 2-0: Called Strike 2-1: Foul Ball, location: 2F 2-2: Foul Ball, location: 2F 2-2: Foul Ball, location: 2F 2-2: Ball 3-2: Foul Ball, location: 2F 3-2: Foul Ball, location: 2F 3-2: Foul Ball, location: 2F 3-2: Ground out U3 (Groundball, 3, EV 101.2 MPH)
|
Bottom of the 7th over - 0 runs, 0 hits, 0 errors, 0 left on base; Norfolk 1 - Nashville 2 |
TOP OF THE 8TH |
Norfolk Tides batting - Pitching for Nashville Sounds : RHP Jesus Moreno
|
Now at 1B: Zachary DeLuca
|
|
Batting: RHB Andy Bridger
|
0-0: Ground out 6-3 (Groundball, 6, EV 88.8 MPH)
|
Batting: RHB Bobby Scholl
|
0-0: Foul Ball, location: 2F 0-1: Ball 1-1: Foul Ball, location: 2F 1-2: Ball 2-2: Ball 3-2: Foul Ball, location: 2F 3-2: Strikes out looking
|
Batting: LHB Jose Chinchilla
|
0-0: Called Strike 0-1: Swinging Strike 0-2: Strikes out swinging, 2-3 out at first.
|
Top of the 8th over - 0 runs, 0 hits, 0 errors, 0 left on base; Norfolk 1 - Nashville 2 |
BOTTOM OF THE 8TH |
Nashville Sounds batting - Pitching for Norfolk Tides : RHP Ryan Hemmerich
|
Batting: RHB Yonetoshi Muranaka
|
0-0: Ball 1-0: DOUBLE (Groundball, 5L, EV 104.4 MPH)
|
Batting: RHB Jeff Garofalo
|
0-0: Sac Bunt to 13 - play at first, batter OUT! 1-3 Yonetoshi Muranaka to third
|
Batting: SHB Robert Santiago
|
0-0: Called Strike 0-1: Ground out 6-3 (Groundball, 6S, EV 69.4 MPH)
|
Batting: RHB Tim Cordle
|
0-0: Called Strike 0-1: Ball 1-1: Foul Ball, location: 2F 1-2: Fly out, F7 (Flyball, 7S, EV 85.6 MPH)
|
Bottom of the 8th over - 0 runs, 1 hit, 0 errors, 1 left on base; Norfolk 1 - Nashville 2 |
TOP OF THE 9TH |
Norfolk Tides batting - Pitching for Nashville Sounds : RHP Jesus Moreno
|
Pitching: RHP Charlie Shook
|
|
Now at 2B: Eduardo Chavez
|
|
Batting: RHB Kory Sanchez
|
0-0: Ground out 4-3 (Groundball, 4, EV 78.8 MPH)
|
Batting: RHB Muneer Maudad
|
0-0: Ball 1-0: Ball 2-0: Ball 3-0: Base on Balls
|
Batting: SHB Brian Bentz
|
0-0: Ball 1-0: Ball 2-0: Foul Ball, location: 2F 2-1: Foul Ball, location: 2F 2-2: Foul Ball, location: 2F 2-2: Grounds into double play, U6-3 (Groundball, 6M, EV 106.2 MPH)
|
Top of the 9th over - 0 runs, 0 hits, 0 errors, 0 left on base; Norfolk 1 - Nashville 2 |
|